 Dungeon Crawl Stone Soup version 0.31.0-11-ge490571c62 (webtiles) character file.

Game seed: 9106856722042695353

165 Sobieck the Trooper (level 5, -5/56 (59) HPs)
             Began as an Oni Artificer on Jan 29, 2024.
             Was a Follower of Makhleb.
             Slain by Crazy Yiuf
             ... wielding a +3 quarterstaff of chaos
              (12 damage)
             ... on level 2 of the Dungeon.
             The game lasted 00:03:28 (2352 turns).

Sobieck the Trooper (Oni Artificer)                 Turns: 2352, Time: 00:03:29

HP:   -5/56 (59)    AC:  3    Str: 18    XL:     5   Next: 46%
MP:   0/5           EV: 10    Int: 12    God:    Makhleb [*.....]
Gold: 118           SH:  0    Dex:  9    Spells: 4/4 levels left

rFire   . . .        n - +0 flail
rCold   . . .        (no shield)
rNeg    . . .        b - +0 robe
rPois   .            (helmet restricted)
rElec   .            (no cloak)
rCorr   .            (gloves unavailable)
SInv    .            (boots unavailable)
Will    .....        (no amulet)
Stlth   ++           (no ring)
HPRegen 0.29/turn    (no ring)
MPRegen 0.09/turn

%: no passive effects
@: drained
A: large, unfitting armour, horns 1, tough skin 1, double potion healing,
drunken brawling
a: Renounce Religion


You were on level 2 of the Dungeon.
You worshipped Makhleb.
Makhleb was aware of your devotion.
You visited 1 branch of the dungeon, and saw 2 of its levels.

You collected 118 gold pieces.

Inventory:

Hand Weapons
 a - a +0 club
 n - a +0 flail (weapon)
Missiles
 j - 17 stones (quivered)
Armour
 b - a +0 robe (worn)
Jewellery
 p - an amulet of reflection
Wands
 E - a wand of charming (15)
 I - a wand of iceblast (3)
 V - a wand of flame (6)
Scrolls
 c - a scroll of amnesia {unknown}
 e - 2 scrolls of teleportation {unknown}
 g - a scroll of noise {unknown}
 h - a scroll of immolation {unknown}
 k - a scroll of fear {unknown}
 l - 2 scrolls of identify {unknown}
 m - a scroll of enchant armour {unknown}
 o - a scroll of revelation {unknown}
Potions
 d - a potion of haste {unknown}
 f - 3 potions of curing {unknown}
 i - a potion of degeneration {unknown}


   Skills:
 + Level 6.0 Fighting
 + Level 0.1 Maces & Flails
 - Level 2.1 Dodging
 - Level 2.0 Stealth
 - Level 2.4 Evocations


You had 4 spell levels left.
You didn't know any spells.
Your spell library contained the following spells:

 Spells                   Type           Power      Damage    Failure   Level
 Ensorcelled Hibernation  Hex/Ice        0%         N/A       45%         2
 Passwall                 Erth           0%         N/A       69%         3
 Swiftness                Air            0%         N/A       69%         3


Dungeon Overview and Level Annotations

Branches:
Dungeon (2/15)

Altars:
Elyvilon
Makhleb

Annotations:
D:2 Crazy Yiuf


Innate Abilities, Weirdness & Mutations

You are too large for most types of armour.
You have a pair of small horns on your head.
You have tough skin. (AC +1)
You gain doubled healing and magic from potions.
Whenever you drink a healing potion, you attack all around you.


Message History

You see here a +0 hand axe.
A kobold comes into view.
It is wielding a +0 short sword of draining.
A kobold is nearby!
Unknown command.
The kobold shouts!
The kobold hits you but does no damage.
You feel drained.
You closely miss the kobold. Your headbutt misses the kobold.
The kobold hits you with a +0 short sword of draining.
You feel drained.
You hit the kobold.
You kill the kobold!
Makhleb accepts your kill.
No target in view!
No target in view!
You see here a +0 short sword of draining.
As you open the door, it creaks loudly!
There is an open door here.
j - 17 stones (gained 5)
A giant cockroach comes into view.
A giant cockroach is nearby!
The helpless giant cockroach fails to defend itself.
You sock the giant cockroach!
You kill the giant cockroach!
Makhleb accepts your kill.
No target in view!
No target in view!
Crazy Yiuf shouts!
Crazy Yiuf yells, "Ghoul eyeball arm!"
Could not explore, unopened runed door.
Unknown command.
As you open the door, it creaks loudly!
Danger!
You closely miss Crazy Yiuf.
Crazy Yiuf screams, "Hah!"
Crazy Yiuf hits you with a +3 quarterstaff of chaos!
You feel your power leaking away.
Unknown command.
You barely miss Crazy Yiuf.
Crazy Yiuf laughs, "Island ragdoll hand!"
Crazy Yiuf hits you with a +3 quarterstaff of chaos!
* * * LOW HITPOINT WARNING * * *
Crazy Yiuf burns you.
* * * LOW HITPOINT WARNING * * *
Crazy Yiuf hits you with a +3 quarterstaff of chaos!
* * * LOW HITPOINT WARNING * * *
You are electrocuted!
* * * LOW HITPOINT WARNING * * *
You barely miss Crazy Yiuf.
Crazy Yiuf hits you with a +3 quarterstaff of chaos!
You die...

#####..............#.#...........
.............####................
...........#.# #.............###
.####.##.##### #########.....###
.####.##.# ##....... .........#
#.......# .###..##.# ###
♣♣##.......) ..##..##.# #)..#♣♣
♣♣.#...#..#.# ..##..##.#
#...g@♣♣♣♣......#..#.# ......##.#
#...#♣..♣.....÷.#..#.# ..##..##.#
### ♣♣♣.♣..#......... .........#
♣♣♣♣♣##..#..#.# .....##..#
#..#..#.# ..##.##..##
############..#..#.# ..##.##...#
#.##..#.##....#..#.#
..##.##...####.#.................
..##..........................#.#


You could see Crazy Yiuf.

Vanquished Creatures
  Jessica (D:2)
  Natasha (thrice) (D:2)
  An adder (D:2)
  A gnoll (D:1)
  A dart slug (D:2)
  2 bats
  2 endoplasms
  2 giant cockroaches
  4 goblins
  5 hobgoblins
  4 jackals (D:2)
  6 kobolds
  3 quokkas (D:1)
  4 ball pythons
  2 frilled lizards (D:1)
  5 rats
46 creatures vanquished.

Notes
Turn   | Place    | Note
-------+----------+-------------------------------------------
     0 | D:1      | Sobieck the Oni Artificer began the quest for the Orb.
     0 | D:1      | Reached XP level 1. HP: 19/19 MP: 1/1
   214 | D:1      | Reached skill level 2 in Fighting
   214 | D:1      | Reached skill level 1 in Stealth
   214 | D:1      | Reached XP level 2. HP: 29/29 MP: 2/2
   570 | D:1      | Reached XP level 3. HP: 29/36 MP: 3/3
   596 | D:1      | Found a faded altar of an unknown god.
   610 | D:1      | Prayed at the altar of an unknown god.
   610 | D:1      | Became a worshipper of Makhleb the Destroyer
   610 | D:1      | Reached * piety under Makhleb
   621 | D:1      | Reached skill level 3 in Fighting
  1380 | D:2      | Noticed Natasha
  1385 | D:2      | Killed Natasha
  1386 | D:2      | Reached skill level 4 in Fighting
  1386 | D:2      | Reached XP level 4. HP: 48/48 MP: 4/4
  1557 | D:2      | Noticed Jessica
  1570 | D:2      | Killed Jessica
  1571 | D:2      | Reached skill level 5 in Fighting
  1654 | D:2      | Found a white marble altar of Elyvilon.
  1946 | D:2      | Found a runed translucent door.
  1947 | D:2      | Noticed Crazy Yiuf
  1955 | D:2      | Noticed Natasha
  1958 | D:2      | Killed Natasha
  1959 | D:2      | Reached XP level 5. HP: 52/58 MP: 5/5
  1963 | D:2      | Noticed Natasha
  1967 | D:2      | Killed Natasha
  1968 | D:2      | Reached skill level 6 in Fighting
  2352 | D:2      | Slain by Crazy Yiuf

Illustrated notes

Levels and vault maps discovered:
D:1:      dpeg_arrival_water_fire, layout_basic,
          ebering_ecumenical_altar_abandoned
D:2:      layout_basic, basic_altar, uniq_natasha, uniq_jessica,
          uniq_crazy_yiuf_cottage

Skill      XL: |  1  2  3  4  5 |
---------------+----------------+-----
Fighting       | 2 4 5 6 |  6.0
Stealth        | 1 2 |  2.0
Maces & Flails | |  0.1
Dodging        | |  2.1
Evocations     | |  2.4

Action                     |  1- 3 |  4- 6 || total
---------------------------+-------+-------++-------
  Melee: Club              |    75 |       ||    75
         Headbutt          |     7 |     2 ||     9
         Flail             |       |    45 ||    45
  Throw: Stone             |     4 |    10 ||    14
  Evoke: Wand              |     5 |     6 ||    11
   Stab: Sleeping          |     4 |     1 ||     5
 Armour: Robe              |    47 |    38 ||    85
  Dodge: Dodged            |    50 |    29 ||    79
